 Dungeon Crawl Stone Soup version 0.27-a0-1101-ge311f74bc8 (webtiles) character file.

Game seed: 9714581322077576595

316370 flotson the Swashbuckler (level 21, 168/168 HPs)
             Began as a Gnoll Delver on Apr 27, 2021.
             Was a High Priest of Okawaru.
             Quit the game on level 1 of the Vaults on Apr 28, 2021.
             The game lasted 02:08:57 (54623 turns).

flotson the Swashbuckler (Gnoll Delver)            Turns: 54623, Time: 02:08:58

Health: 168/168    AC: 41    Str: 19    XL:     21   Next: 40%
Magic:  39/39      EV: 22    Int: 10    God:    Okawaru [*****.]
Gold:   1341       SH: 17    Dex: 16    Spells: 2/48 levels left

rFire    + + +     SeeInvis .   a - +5 broad axe (vamp)
rCold    + + .     Faith    .   H - +2 shield of Resistance {rF++ rC++ Will++}
rNeg     . . .     Spirit   +   Q - +27 Lear's hauberk
rPois    .         Reflect  .   (helmet currently unavailable)
rElec    .         Harm     .   (no cloak)
rCorr    .         Rampage  .   (gloves currently unavailable)
Will     +++..                  (boots currently unavailable)
Stlth    ++++++....             h - amulet of guardian spirit
HPRegen  0.38/turn              y - ring of Zowujosh {rF++ EV+4 Int+2}
MPRegen  0.26/turn              k - +4 ring of slaying

@: heroic, studying 2 skills
A: fangs 1, strong nose, distributed training, dopey 1, sense surroundings 1,
sturdy frame 1
}: 2/15 runes: serpentine, barnacled
a: Renounce Religion, Heroism, Finesse


You were on level 1 of the Vaults.
You worshipped Okawaru.
Okawaru was extremely pleased with you.
You visited 8 branches of the dungeon, and saw 36 of its levels.
You visited 1 bazaar.
You also visited: Bailey and Ice Cave.

You collected 7955 gold pieces.
You spent 6614 gold pieces at shops.

Inventory:

Hand Weapons
 a - a +5 vampiric broad axe (weapon)
 b - a +6 fustibalus of flaming
 A - the +9 sword of Zonguldrok {reap}
   (You found it on level 4 of the Shoals)

   If a monster killed with it leaves a corpse in good enough shape, the corpse
   is reanimated as a zombie friendly to the killer.
Missiles
 i - 16 atropa-tipped darts
 q - 258 sling bullets
 z - 5 boomerangs of dispersal
 J - 2 throwing nets
 K - 112 silver javelins (quivered)
 P - 28 curare-tipped darts
 T - 6 datura-tipped darts
Armour
 H - the +2 shield of Resistance (worn) {rF++ rC++ Will++}
   (You took it off Donald on level 1 of the Snake Pit)

   It greatly protects you from fire.
   It greatly protects you from cold.
   It greatly increases your willpower.
 Q - the +27 Lear's hauberk (worn)
   (Okawaru gifted it to you on level 4 of the Snake Pit)
Jewellery
 h - an amulet of guardian spirit (around neck)
 k - a +4 ring of slaying (right hand)
 y - the ring of Zowujosh (left hand) {rF++ EV+4 Int+2}
   (You found it in an ice cave)

   [ring of evasion]

   It affects your evasion (+4).
   It affects your intelligence (+2).
   It greatly protects you from fire.
 B - a ring of poison resistance
 R - a ring of see invisible
Wands
 e - a wand of iceblast (50)
 g - a wand of digging (5)
 x - a wand of mindburst (9)
 V - a wand of acid (14)
Scrolls
 c - 9 scrolls of fog
 d - 4 scrolls of magic mapping
 j - 5 scrolls of blinking
 l - 14 scrolls of teleportation
 C - 3 scrolls of vulnerability
 D - 2 scrolls of torment
 F - 3 scrolls of silence
 G - 3 scrolls of summoning
 S - 4 scrolls of immolation
 W - 6 scrolls of fear
Potions
 f - 7 potions of haste
 n - 8 potions of might
 o - 8 potions of heal wounds
 p - 3 potions of invisibility
 r - 5 potions of flight
 t - 2 potions of resistance
 u - 7 potions of attraction
 E - 4 potions of ambrosia
 I - 3 potions of berserk rage
 M - 17 potions of curing
 N - 6 potions of cancellation
 O - 8 potions of lignification
Miscellaneous
 m - a tin of tremorstones (2/2)
 s - a phantom mirror
 v - a box of beasts
 w - a condenser vane
 L - a lightning rod (4/4)
 U - a phial of floods


   Skills:
 + Level 15.1(20.1) Fighting
 + Level 17.5(22.5) Short Blades
 + Level 14.0(19.0) Long Blades
 + Level 14.0(19.0) Axes
 + Level 14.0(19.0) Maces & Flails
 + Level 14.5(19.5) Polearms
 + Level 14.0(19.0) Staves
 + Level 14.0(19.0) Slings
 + Level 14.0(19.0) Bows
 + Level 14.0(19.0) Crossbows
 + Level 14.0(19.0) Throwing
 + Level 14.0(19.0) Armour
 + Level 14.5(19.5) Dodging
 + Level 16.2(21.2) Stealth
 + Level 14.0(19.0) Shields
 + Level 14.0(19.0) Unarmed Combat
 + Level 14.0 Spellcasting
 + Level 12.0 Conjurations
 + Level 12.0 Hexes
 + Level 12.1 Summonings
 + Level 12.0 Necromancy
 + Level 12.0 Translocations
 + Level 12.0 Transmutations
 + Level 12.0 Fire Magic
 + Level 12.0 Ice Magic
 + Level 12.0 Air Magic
 + Level 12.0 Earth Magic
 + Level 12.0 Poison Magic
 + Level 15.0 Invocations
 + Level 14.0 Evocations


You had 2 spell levels left.
You knew the following spells:

 Your Spells              Type           Power      Damage    Failure   Level
a - Corona                Hex            34%        N/A       1%          1
b - Portal Projectile     Hex/Tloc       62%        N/A       1%          3
c - Cause Fear            Hex            15%        N/A       1%          4
d - Spider Form           Tmut/Pois      15%        N/A       1%          3
e - Swiftness             Air            31%        N/A       1%          3
f - Passwall              Tmut/Erth      25%        N/A       1%          2
g - Slow                  Hex            31%        N/A       1%          2
h - Stone Arrow           Conj/Erth      62%        3d10      1%          3
i - Mephitic Cloud        Conj/Pois/Air  31%        N/A       1%          3
j - Ignite Poison         Fire/Tmut/Pois 31%        N/A       1%          3
k - Blink                 Tloc           N/A        N/A       1%          2
l - Apportation           Tloc           62%        N/A       1%          1
m - Hydra Form            Tmut           15%        N/A       5%          5
n - Silence               Hex/Air        15%        N/A       5%          5
o - Shadow Creatures      Summ           N/A        N/A       30%         6

Your spell library contained the following spells:

 Spells                   Type           Power      Damage    Failure   Level
 Animate Skeleton         Necr           62%        N/A       1%          1
 Beastly Appendage        Tmut           62%        N/A       1%          1
 Freeze                   Ice            100%       1d11      1%          1
 Magic Dart               Conj           100%       1d8       1%          1
 Sandblast                Erth           62%        2d14      1%          1
 Shock                    Conj/Air       100%       1d9       1%          1
 Sting                    Tmut/Pois      100%       1d8       1%          1
 Summon Small Mammal      Summ           100%       N/A       1%          1
 Call Imp                 Summ           31%        N/A       1%          2
 Corpse Rot               Necr/Air       N/A        N/A       1%          2
 Ensorcelled Hibernation  Hex/Ice        62%        N/A       1%          2
 Poisonous Vapours        Pois/Air       62%        N/A       1%          2
 Static Discharge         Conj/Air       31%        N/A       1%          2
 Sublimation of Blood     Necr           15%        N/A       1%          2
 Wereblood                Tmut           31%        N/A       1%          2
 Confusing Touch          Hex            31%        N/A       1%          3
 Conjure Flame            Conj/Fire      31%        6-21      1%          3
 Dazzling Flash           Conj/Hex       62%        N/A       1%          3
 Frozen Ramparts          Ice            62%        1d8       1%          3
 Gell's Gravitas          Tloc           15%        N/A       1%          3
 Inner Flame              Hex/Fire       31%        N/A       1%          3
 Lesser Beckoning         Tloc           15%        N/A       1%          3
 Ozocubu's Armour         Ice            31%        N/A       1%          3
 Teleport Other           Tloc           31%        N/A       1%          3
 Tukima's Dance           Hex            31%        N/A       1%          3
 Animate Armour           Summ/Erth      62%        N/A       1%          4
 Dispel Undead            Necr           31%        3d14      1%          4
 Hailstorm                Conj/Ice       31%        3d8       1%          4
 Ice Form                 Ice/Tmut       31%        N/A       1%          4
 Leda's Liquefaction      Hex/Erth       15%        N/A       1%          4
 Passage of Golubria      Tloc           N/A        N/A       1%          4
 Petrify                  Tmut/Erth      31%        N/A       1%          4
 Agony                    Necr           31%        N/A       5%          5
 Bolt of Magma            Conj/Fire/Erth 15%        4d9       5%          5
 Borgnjor's Vile Clutch   Necr/Erth      15%        N/A       5%          5
 Excruciating Wounds      Necr           15%        N/A       5%          5
 Fireball                 Conj/Fire      15%        3d8       5%          5
 Irradiate                Conj/Tmut      15%        3d19      5%          5
 Iskenderun's Battlesphe  Conj           31%        2d8       5%          5
 Lee's Rapid Deconstruct  Erth           15%        3d11*     5%          5
 Manifold Assault         Tloc           31%        N/A       5%          5
 Metabolic Englaciation   Hex/Ice        15%        N/A       5%          5
 Summon Forest            Summ/Tloc      15%        N/A       5%          5
 Summon Mana Viper        Hex/Summ       31%        N/A       5%          5
 Yara's Violent Unravell  Hex/Tmut       15%        3d8       5%          5
 Death Channel            Necr           15%        N/A       30%         6
 Eringya's Noxious Bog    Tmut/Pois      15%        N/A       30%         6
 Freezing Cloud           Conj/Ice/Air   15%        6-21      30%         6
 Invisibility             Hex            31%        N/A       30%         6
 Iron Shot                Conj/Erth      15%        9d4       30%         6
 Starburst                Conj/Fire      15%        8x6d6     30%         6
 Statue Form              Tmut/Erth      20%        N/A       30%         6
 Orb of Destruction       Conj           15%        9d7       86%         7
 Spellforged Servitor     Conj/Summ      15%        N/A       86%         7
 Summon Hydra             Summ           15%        N/A       86%         7
 Discord                  Hex            15%        N/A       100%        8
 Ignition                 Fire           15%        3d6       100%        8
 Shatter                  Erth           15%        3d15*     100%        9


Dungeon Overview and Level Annotations

Branches:
Dungeon (15/15)            Temple (1/1) D:6            Lair (6/6) D:9
 Shoals (4/4) Lair:3        Snake (4/4) Lair:4        Slime (0/5) Lair:5
    Orc (2/2) D:12            Elf (3/3) Orc:2        Vaults (1/5) D:13
 Depths (0/5) D:15         Bailey (visited)           IceCv (visited)

Altars:
Ashenzari
Cheibriados
Dithmenos
Elyvilon
Fedhas
Gozag
Kikubaaqudgha
Makhleb
Nemelex Xobeh
Okawaru
Qazlal
Ru
Sif Muna
Trog
Uskayaw
Vehumet
Xom
Yredelemnul
Zin
The Shining One
Jiyva

Shops:
D:9 *   D:12 (   D:14 =   Orc:2 !**[   Elf:1 *   Elf:2 :   Elf:3 [   Shoals:2 !
Snake:1 *   Snake:2 [[((


Innate Abilities, Weirdness & Mutations

You have very sharp teeth.
Your uncanny sense of smell can sniff out nearby items.
Your experience applies equally to all skills.
You are dopey. (Int -2)
You passively map a small area around you.
Your movements are slightly less encumbered by armour. (ER -2)


Message History

The vault guard is lightly wounded.
The vault guard hits you but does no damage.
You slice the vault guard!!
The vault guard is heavily wounded.
You slice the vault guard!!
The vault guard is almost dead.
The vault guard hits you with a +0 bardiche.
You barely miss the vault guard.
You bite the vault guard, but do no damage.
The vault guard is almost dead.
You block the vault guard's attack.
You slash the vault guard!
The vault guard is almost dead.
You hit the vault guard.
You feel better.
You kill the vault guard!
Okawaru accepts your kill.
Your base Long Blades skill increases to level 14!
Your base Axes skill increases to level 14!
Your base Maces & Flails skill increases to level 14!
Your base Staves skill increases to level 14!
Your base Slings skill increases to level 14!
Your base Bows skill increases to level 14!
Your base Crossbows skill increases to level 14!
Your base Throwing skill increases to level 14!
Your base Armour skill increases to level 14!
Your base Shields skill increases to level 14!
Your base Unarmed Combat skill increases to level 14!
Your Spellcasting skill increases to level 14!
Your Evocations skill increases to level 14!
Things that are here:
a +0 bardiche; a +0 plate armour; a human corpse
Items here: )) [[[ †.
Things that are here:
a +0 morningstar; a +0 scale mail You open the door.
A vault guard and a vault sentinel come into view.
The vault guard is wielding a +1 great mace of holy wrath.
There is an open door here.
A vault warden comes into view.
It is wielding a +2 great sword of distortion.
Are you sure you want to abandon this character and quit the game? (Confirm with "yes".)

########################
........................
, , ,
........................
, ,
p....)..........########
, ,.p....p@.....)..# , ,
* #########'##.†[.# , ,
#......##....#∆ ,,
#...).)##....# , , ,
#......##....# , ,
#....).##....# ,
#......##....#∆ ,
#......##....# ,
#......##....# ,, ,


You could see a vault warden (wandering), a vault guard and a vault sentinel
(wandering).

Vanquished Creatures
  Rupert (D:15)
  2 acid blobs (Lair:5)
  2 deep elf blademasters
  Gastronok (Lair:1)
  Ilsuiw (Shoals:2)
  Donald (Snake:1)
  A frost giant (D:15)
  9 nagarajas (Snake:4)
  3 deep elf sorcerers (Elf:3)
  2 orc warlords
  Louise (Snake:2)
  3 deep elf elementalists (Elf:3)
  A vault warden (Vaults:1)
  2 ironbound preservers (Vaults:1)
  4 deep elf demonologists (Elf:3)
  9 deep elf annihilators (Elf:3)
  Azrael (Snake:2)
  Josephine (Lair:4)
  9 merfolk impalers
  7 deep elf death magi (Elf:3)
  11 merfolk javelineers
  2 ice dragons (IceCv)
  5 vault guards
  2 deep elf high priests (Elf:3)
  2 rakshasas (D:15)
  9 anacondas
  11 boulder beetles
  An ironbound thunderhulk (Vaults:1)
  5 merfolk aquamancers
  Erolcha (D:9)
  26 naga warriors
  5 salamander tyrants (Snake:4)
  9 hydras
  4 alligator snapping turtles
  An ironbound frostheart (Vaults:1)
  3 ogre magi
  A catoblepas (Lair:6)
  4 merfolk avatars
  9 two-headed ogres
  10 centaur warriors
  6 death yaks
  2 tengu warriors (D:13)
  13 naga sharpshooters
  3 orc high priests (Orc:2)
  A deep troll shaman (Lair:6)
  23 dancing weapons
  Urug (Lair:2)
  6 shock serpents
  13 deep elf knights
  Nergalle (Lair:4)
  3 skeletal warriors (D:14)
  A flayed ghost (D:14)
  7 deep elf archers
  24 sea snakes
  A glowing orange brain (D:15)
  3 deep trolls (Vaults:1)
  An ironbound convoker (Vaults:1)
  2 naga ritualists
  9 orc knights
  15 harpies
  5 orc sorcerers
  2 wizards
  11 ugly things
  11 deep elf zephyrmancers
  A wolf spider (D:15)
  26 deep elf pyromancers
  An orb spider (shapeshifter) (D:14)
  18 salamanders
  15 fauns
  4 oklob plants
  12 mana vipers
  14 manticores
  9 cyclopes
  21 naga magi
  6 water nymphs
  7 merfolk sirens
  A vault sentinel (Vaults:1)
  22 elephants
  32 black mambas
  7 guardian serpents
  3 torpor snails
  2 ice statues (IceCv)
  10 cane toads
  3 unseen horrors
  2 gargoyles
  4 rime drakes
  Psyche (D:9)
  An efreet (D:14)
  A yaktaur (D:15)
  9 komodo dragons
  A freezing wraith (D:13)
  2 trolls
  3 polar bears
  29 merfolk
  A raiju (shapeshifter) (D:15)
  12 hornets (D:9)
  Prince Ribbit (D:9)
  4 wind drakes
  14 slime creatures
  8 snapping turtles
  4 dream sheep (Shoals:2)
  32 blink frogs
  5 air elementals
  4 water elementals
  A spriggan (Lair:2)
  2 shadows
  5 wyverns
  A spriggan (shapeshifter) (D:15)
  8 wraiths
  6 fire elementals
  65 yaks
  7 basilisks
  2 vampires
  A steam dragon (D:8)
  6 vampire mosquitoes
  Menkaure (D:4)
  6 wargs
  2 hell hounds (Snake:2)
  2 acid dragons
  63 nagas
  27 water moccasins
  25 orc warriors
  A sky beast (D:5)
  A hornet zombie (D:7)
  15 ice beasts
  3 black bears
  3 necrophages
  10 wolves
  12 ogres
  5 boggarts
  10 centaurs
  A phantom (D:5)
  A gnoll sergeant (D:13)
  9 bullfrogs
  2 wyvern zombies (D:6)
  4 earth elementals
  5 scorpions
  3 wights (D:8)
  4 killer bees (D:10)
  6 electric eels
  2 howler monkeys
  4 centaur zombies
  4 jellies
  A hound (D:5)
  A centaur skeleton (D:5)
  8 orc priests
  2 bullfrog skeletons
  3 iguanas
  22 orc wizards
  4 hell rats (Lair:1)
  A hound skeleton (D:6)
  A howler monkey zombie (D:6)
  36 gnolls
  6 adders
  A howler monkey skeleton (D:7)
  A white imp (D:8)
  An adder zombie (D:5)
  An adder skeleton (D:5)
  5 worms
  5 dart slugs
  65 orcs
  8 endoplasms
  25 goblins
  31 hobgoblins
  9 jackals
  5 quokkas
  11 ball pythons
  2 bats
  3 frilled lizards
  4 kobolds
  2 rats
  3 tentacles (Shoals:4)
1300 creatures vanquished.

Vanquished Creatures (others)
  A kraken (Shoals:4)
  An ogre mage (D:14)
  A merfolk avatar (Shoals:4)
  A dancing weapon (Elf:2)
  A shock serpent (Snake:2)
  4 deep elf knights
  A harpy (Shoals:4)
  2 deep elf pyromancers
  A naga mage (Snake:4)
  A guardian serpent (Snake:3)
  A naga (Snake:4)
  41 fungi
  143 plants
  3 tentacles (Shoals:4)
202 creatures vanquished.

Grand Total: 1502 creatures vanquished

Notes
Turn   | Place    | Note
-------+----------+-------------------------------------------
     0 | D:5      | flotson the Gnoll Delver began the quest for the Orb.
     0 | D:5      | Reached XP level 1. HP: 23/23 MP: 1/1
    19 | D:5      | Noticed an iguana
    96 | D:4      | Reached XP level 2. HP: 29/29 MP: 2/2
   140 | D:4      | Reached XP level 3. HP: 23/35 MP: 3/3
   265 | D:4      | Found a shimmering blue altar of Sif Muna.
   477 | D:4      | Noticed Menkaure
   479 | D:4      | Reached skill level 1 in Invocations
   488 | D:4      | Killed Menkaure
   489 | D:4      | Reached skill level 1 in Short Blades
   489 | D:4      | Reached skill level 1 in Long Blades
   489 | D:4      | Reached skill level 1 in Axes
   489 | D:4      | Reached skill level 1 in Maces & Flails
   489 | D:4      | Reached skill level 1 in Staves
   489 | D:4      | Reached skill level 1 in Slings
   489 | D:4      | Reached skill level 1 in Bows
   489 | D:4      | Reached skill level 1 in Crossbows
   489 | D:4      | Reached skill level 1 in Throwing
   489 | D:4      | Reached skill level 1 in Armour
   489 | D:4      | Reached skill level 1 in Shields
   489 | D:4      | Reached skill level 1 in Unarmed Combat
   489 | D:4      | Reached skill level 1 in Spellcasting
   489 | D:4      | Reached skill level 1 in Conjurations
   489 | D:4      | Reached skill level 1 in Hexes
   489 | D:4      | Reached skill level 1 in Summonings
   489 | D:4      | Reached skill level 1 in Necromancy
   489 | D:4      | Reached skill level 1 in Translocations
   489 | D:4      | Reached skill level 1 in Transmutations
   489 | D:4      | Reached skill level 1 in Fire Magic
   489 | D:4      | Reached skill level 1 in Ice Magic
   489 | D:4      | Reached skill level 1 in Air Magic
   489 | D:4      | Reached skill level 1 in Earth Magic
   489 | D:4      | Reached skill level 1 in Poison Magic
   489 | D:4      | Reached skill level 1 in Evocations
   489 | D:4      | Reached XP level 4. HP: 5/41 MP: 4/6
   489 | D:4      | Reached XP level 5. HP: 5/47 MP: 4/7
   490 | D:4      | HP: 2/47 [goblin/+0 club (4)]
  2410 | D:2      | Reached XP level 6. HP: 53/53 MP: 8/8
  2969 | D:3      | Reached skill level 2 in Short Blades
  2969 | D:3      | Reached skill level 5 in Polearms
  2969 | D:3      | Reached skill level 5 in Dodging
  3225 | D:3      | Reached XP level 7. HP: 57/59 MP: 10/10
  4561 | D:5      | Reached skill level 10 in Stealth
  4561 | D:5      | Reached XP level 8. HP: 28/67 MP: 4/12
  5011 | D:5      | Reached skill level 3 in Short Blades
  5945 | D:5      | Found a bloodstained altar of Trog.
  6702 | D:6      | Reached XP level 9. HP: 72/72 MP: 14/14
  6838 | D:6      | Found a burning altar of Makhleb.
  6912 | D:6      | Found a staircase to the Ecumenical Temple.
  6920 | D:6      | Reached skill level 4 in Short Blades
  6923 | Temple   | Entered the Ecumenical Temple
  6983 | Temple   | Became a worshipper of Warmaster Okawaru
  7382 | D:6      | Reached * piety under Okawaru
  7838 | D:7      | Learned a level 1 spell: Corona
  8393 | D:8      | Reached skill level 5 in Invocations
  9197 | D:7      | Reached ** piety under Okawaru
  9198 | D:7      | Reached XP level 10. HP: 42/80 MP: 10/17
  9421 | D:8      | Reached skill level 5 in Short Blades
  9421 | D:8      | Reached skill level 5 in Long Blades
  9421 | D:8      | Reached skill level 5 in Axes
  9421 | D:8      | Reached skill level 5 in Maces & Flails
  9421 | D:8      | Reached skill level 5 in Staves
  9421 | D:8      | Reached skill level 5 in Slings
  9421 | D:8      | Reached skill level 5 in Bows
  9421 | D:8      | Reached skill level 5 in Crossbows
  9421 | D:8      | Reached skill level 5 in Throwing
  9421 | D:8      | Reached skill level 5 in Armour
  9421 | D:8      | Reached skill level 5 in Shields
  9421 | D:8      | Reached skill level 5 in Unarmed Combat
  9421 | D:8      | Reached skill level 5 in Spellcasting
  9421 | D:8      | Reached skill level 5 in Evocations
  9523 | D:8      | Found Zin's Purification Station.
  9528 | D:8      | Found a glowing silver altar of Zin.
  9531 | D:8      | Bought a potion of curing for 90 gold pieces
  9696 | D:8      | Found a basalt altar of Yredelemnul.
  9865 | D:9      | Noticed Erolcha
  9870 | D:9      | Killed Erolcha
  9934 | D:9      | Reached *** piety under Okawaru
 10091 | D:9      | Identified the +2 kite shield "Delusuf" {-Tele rCorr Str+4
                  | SInv}
 10168 | D:9      | Noticed Prince Ribbit
 10186 | D:9      | Killed Prince Ribbit
 10208 | D:9      | Noticed a two-headed ogre
 10222 | D:9      | Killed a two-headed ogre
 10308 | D:9      | Found Suuric's General Store.
 10326 | D:9      | Bought a potion of might for 48 gold pieces
 10326 | D:9      | Bought a scroll of teleportation for 36 gold pieces
 10422 | D:9      | Reached **** piety under Okawaru
 10433 | D:9      | Found a staircase to the Lair.
 10462 | D:9      | Noticed Psyche
 10466 | D:9      | Killed Psyche
 10466 | D:9      | Received a gift from Okawaru
 10467 | D:9      | Reached XP level 11. HP: 85/87 MP: 16/19
 10678 | D:9      | Found a blossoming altar of Fedhas.
 10703 | D:10     | Entered Level 10 of the Dungeon
 10818 | D:10     | Reached skill level 6 in Short Blades
 10915 | D:10     | Noticed a two-headed ogre
 10929 | D:10     | Killed a two-headed ogre
 10929 | D:10     | Received a gift from Okawaru
 10930 | D:10     | Reached skill level 5 in Conjurations
 10930 | D:10     | Reached skill level 5 in Hexes
 10930 | D:10     | Reached skill level 5 in Summonings
 10930 | D:10     | Reached skill level 5 in Necromancy
 10930 | D:10     | Reached skill level 5 in Translocations
 10930 | D:10     | Reached skill level 5 in Transmutations
 10930 | D:10     | Reached skill level 5 in Fire Magic
 10930 | D:10     | Reached skill level 5 in Ice Magic
 10930 | D:10     | Reached skill level 5 in Air Magic
 10930 | D:10     | Reached skill level 5 in Earth Magic
 10930 | D:10     | Reached skill level 5 in Poison Magic
 11005 | D:10     | Identified the -5 buckler "Ziemag" {Str+4 Dex-4}
 11459 | D:10     | Received a gift from Okawaru
 11829 | Lair:1   | Entered Level 1 of the Lair of Beasts
 11829 | Lair:1   | Noticed Gastronok
 11901 | Lair:1   | Killed Gastronok
 11901 | Lair:1   | Received a gift from Okawaru
 12324 | Lair:1   | Reached ***** piety under Okawaru
 12388 | Lair:1   | Received a gift from Okawaru
 12562 | Lair:1   | Noticed a seven-headed hydra
 12597 | D:9      | Killed a seven-headed hydra
 12598 | D:9      | Reached XP level 12. HP: 71/96 MP: 15/22
 12919 | Lair:1   | Reached skill level 7 in Short Blades
 13195 | Lair:1   | Noticed a five-headed hydra
 13201 | Lair:1   | Killed a five-headed hydra
 13427 | Lair:2   | Noticed Urug
 13439 | Lair:2   | Killed Urug
 13603 | Lair:2   | Noticed a seven-headed hydra
 13638 | Lair:1   | Killed a seven-headed hydra
 14105 | Lair:2   | Reached skill level 10 in Fighting
 14131 | Lair:2   | Noticed a boulder beetle
 14921 | Lair:2   | Noticed a boulder beetle
 14927 | Lair:2   | Killed a boulder beetle
 15039 | Lair:2   | Reached XP level 13. HP: 103/103 MP: 21/24
 15064 | Lair:2   | Identified the +7 crystal plate armour "Penni" {rPois Will-
                  | Str+4 Int+7} (Okawaru gifted it to you on level 2 of the
                  | Lair of Beasts)
 15064 | Lair:2   | Received a gift from Okawaru
 15138 | Lair:2   | Reached skill level 8 in Short Blades
 15533 | Lair:2   | Identified the +9 hunting sling of Ibomapna {venom, rF+
                  | MP+9}
 16628 | Lair:3   | Found a staircase to the Shoals.
 17058 | Lair:4   | Received a gift from Okawaru
 17134 | Lair:4   | Reached skill level 9 in Short Blades
 17211 | Lair:4   | Found a staircase to the Snake Pit.
 17261 | Lair:4   | Received a gift from Okawaru
 17326 | Lair:4   | Noticed Josephine
 17342 | Lair:4   | Killed Josephine
 17342 | Lair:4   | Received a gift from Okawaru
 17508 | Lair:4   | Received a gift from Okawaru
 17542 | Lair:4   | Reached XP level 14. HP: 109/111 MP: 26/26
 17604 | Lair:4   | Reached skill level 10 in Polearms
 17604 | Lair:4   | Reached skill level 10 in Dodging
 17641 | Lair:4   | Found a glowing silver altar of Zin.
 17778 | Lair:4   | Learned a level 3 spell: Portal Projectile
 17784 | Lair:4   | Learned a level 4 spell: Cause Fear
 17788 | Lair:4   | Learned a level 3 spell: Spider Form
 17946 | Lair:4   | Noticed Nergalle
 17957 | Lair:4   | Killed Nergalle
 18361 | Lair:5   | Identified the +8 plate armour of the Disturbing Dances
                  | {rF+}
 18427 | Lair:5   | Reached skill level 10 in Short Blades
 18505 | Lair:5   | Reached skill level 10 in Invocations
 19107 | Lair:5   | Found a runed translucent door.
 19107 | Lair:5   | Found a viscous altar of Jiyva.
 19108 | Lair:5   | Noticed an acid blob
 19108 | Lair:5   | Noticed an acid blob
 19110 | Lair:5   | Found a staircase to the Slime Pits.
 19428 | Lair:6   | Entered Level 6 of the Lair of Beasts
 19619 | Lair:6   | Identified a scroll of acquirement
 19619 | Lair:6   | Acquired 517 gold pieces
 19784 | Lair:6   | Received a gift from Okawaru
 20170 | Lair:6   | Received a gift from Okawaru
 20210 | Lair:6   | Learned a level 3 spell: Swiftness
 20213 | Lair:6   | Learned a level 2 spell: Passwall
 20216 | Lair:6   | Learned a level 2 spell: Slow
 20220 | Lair:6   | Learned a level 3 spell: Stone Arrow
 21912 | D:12     | Found a flagged portal.
 21924 | Bailey   | Entered a bailey
 22412 | Bailey   | Noticed an orc warlord
 22453 | Bailey   | Killed an orc warlord
 22454 | Bailey   | Reached XP level 15. HP: 74/119 MP: 24/28
 22652 | Bailey   | Identified the +1 scale mail "Vicehyle" {Harm}
 22660 | Bailey   | Reached skill level 11 in Short Blades
 22663 | Bailey   | Acquired 741 gold pieces
 22693 | Bailey   | Acquired the +5 demon trident "Tutuam" {pain, rC++ Dex-4}
 22859 | D:12     | Found Zeolanie's Weapon Boutique.
 22945 | D:12     | Found a staircase to the Orcish Mines.
 23590 | Orc:1    | Entered Level 1 of the Orcish Mines
 23861 | Orc:2    | Entered Level 2 of the Orcish Mines
 23909 | Orc:2    | Noticed an orc warlord
 23943 | Orc:2    | Killed an orc warlord
 24256 | Orc:2    | Found Zicvoomp's Antique Armour Shoppe.
 24278 | Orc:2    | Reached skill level 10 in Long Blades
 24278 | Orc:2    | Reached skill level 10 in Axes
 24278 | Orc:2    | Reached skill level 10 in Maces & Flails
 24278 | Orc:2    | Reached skill level 10 in Staves
 24278 | Orc:2    | Reached skill level 10 in Slings
 24278 | Orc:2    | Reached skill level 10 in Bows
 24278 | Orc:2    | Reached skill level 10 in Crossbows
 24278 | Orc:2    | Reached skill level 10 in Throwing
 24278 | Orc:2    | Reached skill level 10 in Armour
 24278 | Orc:2    | Reached skill level 10 in Shields
 24278 | Orc:2    | Reached skill level 10 in Unarmed Combat
 24278 | Orc:2    | Reached skill level 10 in Spellcasting
 24278 | Orc:2    | Reached skill level 10 in Evocations
 24614 | Orc:1    | Learned a level 3 spell: Mephitic Cloud
 24618 | Orc:1    | Learned a level 3 spell: Ignite Poison
 24634 | Orc:2    | Gained mutation: You are occasionally teleported next to
                  | monsters. [a neqoxec]
 24737 | Orc:2    | Received a gift from Okawaru
 24791 | Orc:2    | Gained mutation: Your body sometimes deteriorates upon
                  | taking damage. [a neqoxec]
 24930 | Orc:2    | Found a staircase to the Elven Halls.
 25034 | Orc:2    | Found Ehaireaps's Distillery.
 25044 | Orc:2    | Found Jadiom Muofa's General Store.
 25046 | Orc:2    | Found Coekkir's General Store.
 25591 | Lair:5   | Killed an acid blob
 25597 | Lair:5   | Killed an acid blob
 25972 | D:13     | Learned a level 2 spell: Blink
 26061 | D:13     | Found a gate to the Vaults.
 26083 | D:13     | Reached skill level 12 in Short Blades
 26183 | D:13     | Received a gift from Okawaru
 26486 | D:13     | Received a gift from Okawaru
 26496 | D:13     | Reached XP level 16. HP: 107/127 MP: 30/30
 26847 | D:14     | Found a frozen archway.
 26851 | IceCv    | Entered an ice cave
 27327 | IceCv    | Identified the ring of Zowujosh {rF++ EV+4 Int+2}
 27795 | D:14     | Found a stormy altar of Qazlal.
 27949 | D:14     | Received a gift from Okawaru
 28241 | D:14     | Paralysed by an ogre mage for 4 turns
 28302 | D:14     | Identified the Incunabulum of Lightness and Earth
 28461 | D:14     | Found the +18 shield of the Gong {rElec rN+ Will+ EV-5}
 28493 | D:14     | Found Quyr's Jewellery Shoppe.
 28497 | D:14     | Bought a +4 ring of slaying for 1326 gold pieces
 28759 | D:15     | Entered Level 15 of the Dungeon
 28770 | D:15     | Noticed Rupert
 28783 | D:15     | Killed Rupert
 28820 | D:15     | Reached skill level 13 in Short Blades
 29230 | D:15     | Received a gift from Okawaru
 29396 | D:15     | Received a gift from Okawaru
 29411 | D:15     | Reached XP level 17. HP: 94/135 MP: 24/32
 29435 | D:15     | Received a gift from Okawaru
 29454 | D:15     | Lost mutation: You are occasionally teleported next to
                  | monsters. [potion of mutation]
 29454 | D:15     | Lost mutation: Your body sometimes deteriorates upon taking
                  | damage. [potion of mutation]
 29454 | D:15     | Gained mutation: You passively map a small area around you.
                  | [potion of mutation]
 29454 | D:15     | Gained mutation: Your body sometimes deteriorates upon
                  | taking damage. [potion of mutation]
 29454 | D:15     | Gained mutation: You have a pair of small horns on your
                  | head. [potion of mutation]
 29811 | D:15     | Acquired 684 gold pieces
 30137 | D:15     | Received a gift from Okawaru
 30138 | D:15     | Found a staircase to the Depths.
 30193 | D:15     | Learned a level 1 spell: Apportation
 30409 | Snake:1  | Entered Level 1 of the Snake Pit
 30565 | Snake:1  | Reached ****** piety under Okawaru
 30565 | Snake:1  | Received a gift from Okawaru
 31676 | Snake:1  | Found Gaych's Goods Gallery.
 31683 | Snake:1  | Bought +0 gold dragon scales for 1040 gold pieces
 31724 | Snake:1  | Identified the +3 hunting sling "Aqusek" {vorpal, rPois
                  | rC++ Will+ MP+9}
 32027 | Snake:2  | Received a gift from Okawaru
 32030 | Snake:2  | Noticed Louise
 32053 | Snake:2  | Killed Louise
 32070 | Snake:2  | Reached skill level 14 in Short Blades
 32084 | Snake:2  | Reached skill level 10 in Conjurations
 32084 | Snake:2  | Reached skill level 10 in Hexes
 32084 | Snake:2  | Reached skill level 10 in Summonings
 32084 | Snake:2  | Reached skill level 10 in Necromancy
 32084 | Snake:2  | Reached skill level 10 in Translocations
 32084 | Snake:2  | Reached skill level 10 in Transmutations
 32084 | Snake:2  | Reached skill level 10 in Fire Magic
 32084 | Snake:2  | Reached skill level 10 in Ice Magic
 32084 | Snake:2  | Reached skill level 10 in Air Magic
 32084 | Snake:2  | Reached skill level 10 in Earth Magic
 32084 | Snake:2  | Reached skill level 10 in Poison Magic
 32087 | Snake:2  | Noticed Donald
 32111 | Snake:1  | Killed Donald
 32578 | Snake:2  | Found Xanaqamn's Armour Shop.
 32764 | Snake:2  | Identified the Volume of Sinister Attacks
 32984 | Snake:2  | Found Moit's Antique Armour Shoppe.
 33097 | Snake:2  | Found Axiahuj's Weapon Boutique.
 33105 | Snake:2  | Found Hoank's Magic Scroll Shoppe.
 33106 | Snake:2  | Bought 8 curare-tipped darts for 86 gold pieces
 33106 | Snake:2  | Bought a +6 fustibalus of flaming for 1062 gold pieces
 33121 | Snake:2  | Bought a scroll of acquirement for 936 gold pieces
 33121 | Snake:2  | Acquired 600 gold pieces
 33125 | Snake:2  | Bought a scroll of identify for 36 gold pieces
 33125 | Snake:2  | Bought a scroll of teleportation for 54 gold pieces
 33125 | Snake:2  | Bought a scroll of identify for 36 gold pieces
 33125 | Snake:2  | Bought a scroll of teleportation for 54 gold pieces
 33125 | Snake:2  | Bought a scroll of magic mapping for 63 gold pieces
 33125 | Snake:2  | Bought a scroll of blinking for 135 gold pieces
 33125 | Snake:2  | Bought a scroll of fog for 36 gold pieces
 33125 | Snake:2  | Bought a scroll of fear for 63 gold pieces
 33176 | Snake:2  | Identified the +0 robe of the Wild Haggis {Str+3 Int+2
                  | SInv}
 33176 | Snake:2  | Noticed Azrael
 33189 | Snake:2  | Killed Azrael
 33314 | Snake:2  | Found Ychoesch's Weapon Shoppe.
 33364 | Snake:2  | Bought a +3 vampiric broad axe for 290 gold pieces
 33518 | Snake:2  | Identified the +4 ring mail of Dishonesty {Dex+2}
 34344 | Snake:3  | Reached XP level 18. HP: 80/143 MP: 18/33
 35634 | Snake:4  | Entered Level 4 of the Snake Pit
 36214 | Snake:4  | Received a gift from Okawaru
 36775 | Snake:4  | Received a gift from Okawaru
 37089 | Snake:4  | Received a gift from Okawaru
 37090 | Snake:4  | Found the +27 Lear's hauberk
 37835 | Snake:4  | Learned a level 5 spell: Hydra Form
 37841 | Snake:4  | Learned a level 5 spell: Silence
 38552 | Snake:4  | Reached skill level 15 in Short Blades
 38846 | Snake:4  | Reached skill level 15 in Stealth
 39911 | Snake:4  | Reached XP level 19. HP: 79/151 MP: 29/35
 40318 | Snake:4  | HP: 6/151 [nagaraja/+0 spear (7)]
 40322 | Snake:4  | Received a gift from Okawaru
 40728 | Snake:4  | Got a serpentine rune of Zot
 41174 | Shoals:1 | Entered Level 1 of the Shoals
 41654 | Shoals:1 | Identified the -3 pair of gloves "Tyum" {rC- rN+ Will++
                  | rCorr} (Okawaru gifted it to you on level 1 of the Shoals)
 41654 | Shoals:1 | Received a gift from Okawaru
 42442 | Shoals:2 | Noticed Ilsuiw
 42512 | Shoals:2 | Killed Ilsuiw
 42981 | Shoals:2 | Found Viuxtuag's Distillery.
 42990 | Shoals:2 | Bought a potion of curing for 36 gold pieces
 42990 | Shoals:2 | Bought a potion of curing for 36 gold pieces
 42990 | Shoals:2 | Bought a potion of curing for 36 gold pieces
 42990 | Shoals:2 | Bought a potion of curing for 36 gold pieces
 42990 | Shoals:2 | Bought a potion of cancellation for 96 gold pieces
 42990 | Shoals:2 | Bought a potion of might for 48 gold pieces
 43589 | Shoals:2 | Lost mutation: Your body sometimes deteriorates upon taking
                  | damage. [potion of mutation]
 43589 | Shoals:2 | Lost mutation: You have a pair of small horns on your head.
                  | [potion of mutation]
 43589 | Shoals:2 | Gained mutation: You are dopey. (Int -2) [potion of
                  | mutation]
 43589 | Shoals:2 | Gained mutation: Your movements are slightly less
                  | encumbered by armour. (ER -2) [potion of mutation]
 43597 | Shoals:2 | Received a gift from Okawaru
 44468 | Shoals:3 | Reached skill level 16 in Short Blades
 44469 | Shoals:3 | Received a gift from Okawaru
 45208 | Shoals:4 | Entered Level 4 of the Shoals
 45208 | Shoals:4 | Found an iron altar of Okawaru.
 45213 | Shoals:4 | Found a flickering gateway to a bazaar.
 45225 | Shoals:4 | Received a gift from Okawaru
 45420 | Bazaar   | Entered a bazaar
 45562 | Bazaar   | Found Ylahowar's Antique Weapon Emporium.
 45563 | Bazaar   | Found Yrum Jose's Weapon Emporium.
 45608 | Bazaar   | Found Hoitoemu's Antique Weapon Shoppe.
 45609 | Bazaar   | Found Xesch's Weapon Shoppe.
 45632 | Bazaar   | Bought a bone trident for 331 gold pieces
 45632 | Bazaar   | Identified the +6 trident of Noxzye {vorpal, Fragile Int+4
                  | SInv} (You bought it in a shop in a bazaar)
 46721 | Shoals:4 | Reached XP level 20. HP: 160/160 MP: 37/37
 46893 | Shoals:4 | Found the +9 sword of Zonguldrok {reap}
 47091 | Shoals:4 | Got a barnacled rune of Zot
 47617 | D:9      | Bought a box of beasts for 480 gold pieces
 48752 | Shoals:4 | Found the +8 arc blade {discharge, rElec}
 49015 | Shoals:4 | Received a gift from Okawaru
 49164 | Shoals:4 | Upgraded the game from 0.27-a0-1090-gb115f176c6 to
                  | 0.27-a0-1101-ge311f74bc8
 49492 | Elf:1    | Entered Level 1 of the Elven Halls
 49636 | Elf:1    | Received a gift from Okawaru
 50200 | Elf:1    | Found Beninguca's General Store.
 50208 | Elf:1    | Bought 8 curare-tipped darts for 76 gold pieces
 50208 | Elf:1    | Bought a scroll of teleportation for 48 gold pieces
 51083 | Elf:2    | Found Xepurid's Book Shop.
 51306 | Elf:2    | Found a huge runed translucent gate.
 51306 | Elf:2    | Found a huge runed translucent gate.
 51306 | Elf:2    | Found a huge runed translucent gate.
 51306 | Elf:2    | Found a huge runed translucent gate.
 51313 | Elf:2    | Found a huge runed translucent gate.
 51623 | Elf:2    | Received a gift from Okawaru
 51964 | Elf:2    | Received a gift from Okawaru
 52351 | Elf:2    | Reached skill level 17 in Short Blades
 52605 | Elf:3    | Entered Level 3 of the Elven Halls
 52833 | Elf:3    | Found Uleasekh's Antique Armour Boutique.
 52875 | Elf:3    | Received a gift from Okawaru
 53166 | Elf:3    | Identified the amulet "Ehun" {RegenMP rPois rF+ rC+ Str-2}
 53284 | Elf:3    | Reached XP level 21. HP: 167/167 MP: 35/38
 53367 | Elf:3    | Received a gift from Okawaru
 53696 | Elf:3    | Reached skill level 15 in Fighting
 53974 | Elf:3    | Identified the Papyrus of the Mutagenic Mountains
 53996 | Elf:3    | Learned a level 6 spell: Shadow Creatures
 54034 | Elf:3    | Received a gift from Okawaru
 54442 | Vaults:1 | Entered Level 1 of the Vaults
 54463 | Vaults:1 | Reached skill level 15 in Invocations
 54623 | Vaults:1 | Quit the game

Illustrated notes

Levels and vault maps discovered:
D:1:      giann_horns, layout_basic
D:2:      layout_basic
D:3:      layout_rooms, minmay_fractal_squares_5
D:4:      layout_basic, led_sif_pool, serial_park_tiny_1, nrook_loot_triangle,
          minmay_misc_feat_rugged, uniq_menkaure
D:5:      layout_basic, lemuel_crystal_altar, minmay_crossroads
D:6:      minmay_chambers_of_sixes, layout_loops_ring,
          makhleb_blood_cavern_becter, temple_fountains
D:7:      layout_basic
D:8:      layout_rooms, marbit_many_paths, zin_purify
D:9:      layout_basic, lemuel_coloured_pillars_altar, david_lair_shrubbed,
          serial_shops, shop, hive_lemuel, uniq_prince_ribbit1, uniq_erolcha,
          uniq_psyche
D:10:     layout_irregular_city, serial_glass, glass_columns_a, glass_columns_a
D:11:     layout_gridville
D:12:     layout_basic, minmay_orc_entry_guard_dogs, enter_bailey_5,
          serial_shops, nicolae_shop_trees
D:13:     layout_roguey, lightli_vaults_fourway_checkpoint
D:14:     minmay_concentric_multi, layout_irregular_city, nrook_uturn,
          serial_shops, nicolae_shop_behind_doors,
          portal_ice_cave_entry_pillars_1, small_statue_alley_a,
          minmay_misc_feat_rows, nicolae_qazlal_general_emergency
D:15:     gammafunk_enter_depths_forms, layout_rooms, minmay_misc_feat_pillars,
          minmay_bent, uniq_rupert
Temple:   kb_temple_of_zot
Lair:1:   layout_small_grid, uniq_gastronok
Lair:2:   layout_regular_city, grunt_forest_large_clearing_hut,
          minmay_lair_oklob_chamber, uniq_urug
Lair:3:   layout_chaotic_city, shoals_dummy_entry,
          chequers_serial_rivers_small_3
Lair:4:   layout_roguey, minmay_snake_entry_six_corridors, basic_altar,
          kilobyte_rumbling_trees, uniq_nergalle, uniq_josephine
Lair:5:   layout_cave_pods, slime_altar_2
Lair:6:   grunt_lair_end_beastmaster, layout_layer_cave
Shoals:1: layout_shoals
Shoals:2: cheibrodos_shoals_epimethial_gifts, layout_shoals, serial_shops,
          nicolae_shop_crystal, uniq_ilsuiw
Shoals:3: layout_shoals
Shoals:4: shoals_end_hangedman, layout_shoals, shoal_ilsuiw, serial_shops,
          bzr_entry_islet, lemuel_oklob_altar
Snake:1:  layout_chambers, serial_bayou, serial_bayou_pond_b,
          serial_bayou_pond_a, serial_bayou_shore_a, serial_bayou_pond_d,
          nicolae_alphabet_shops, st_stairs_3, grunt_megastairs_5
Snake:2:  cheibrodos_forgotten_conduit, layout_chambers, serial_shops, shop,
          shop, shop, shop, nicolae_shop_behind_doors, uniq_donald, uniq_louise,
          uniq_azrael
Snake:3:  layout_basic
Snake:4:  grunt_snake_rune_spirals, layout_concentric_octagons,
          guppyfry_library_mini
Orc:1:    layout_caves
Orc:2:    st_orc_elflike, layout_diamond_mine, special_room
Elf:1:    elf_arrival_001, layout_geoelf_octagon, serial_shops, shop,
          minmay_elf_crystal_hexagon
Elf:2:    layout_loops_cross, serial_shops, shop, lemuel_elevator
Elf:3:    minmay_elf_hall_spiked, layout_rooms, serial_shops, shop,
          lemuel_upstairs_altar
Vaults:1: vaults_room_door_hall, nicolae_vaults_circle_grid_b,
          vaults_room_fancy_cross, vaults_room_grunt_arrival_ludios,
          hangedman_vaults_river_flow, vaults_room_door_ring,
          vaults_room_door_ring, nicolae_vaults_little_squares_2,
          layout_vaults_omnigrid, serial_shops, shop_fountains,
          nicolae_shop_statue_plus, shop_fountains

Skill      XL: |  1  2  3  4  5  6  7  8  9 10 11 12 13 14 15 16 17 18 19 20 21 |
---------------+----------------------------------------------------------------+-----
Stealth        | 10 11 12 13 14 15 16 | 16.2
Invocations    | 1 2 3 4 5 6 7 8 9 10 11 12 13 14 15 | 15.0
Short Blades   | 1 2 3 4 5 6 7 9 10 12 13 14 15 16 17 | 17.5
Long Blades    | 1 2 3 4 5 6 7 8 9 10 11 12 13 14 | 14.0
Axes           | 1 2 3 4 5 6 7 8 9 10 11 12 13 14 | 14.0
Maces & Flails | 1 2 3 4 5 6 7 8 9 10 11 12 13 14 | 14.0
Staves         | 1 2 3 4 5 6 7 8 9 10 11 12 13 14 | 14.0
Slings         | 1 2 3 4 5 6 7 8 9 10 11 12 13 14 | 14.0
Bows           | 1 2 3 4 5 6 7 8 9 10 11 12 13 14 | 14.0
Crossbows      | 1 2 3 4 5 6 7 8 9 10 11 12 13 14 | 14.0
Throwing       | 1 2 3 4 5 6 7 8 9 10 11 12 13 14 | 14.0
Armour         | 1 2 3 4 5 6 7 8 9 10 11 12 13 14 | 14.0
Shields        | 1 2 3 4 5 6 7 8 9 10 11 12 13 14 | 14.0
Unarmed Combat | 1 2 3 4 5 6 7 8 9 10 11 12 13 14 | 14.0
Spellcasting   | 1 2 3 4 5 6 7 8 9 10 11 12 13 14 | 14.0
Conjurations   | 1 2 3 4 5 6 7 8 9 10 11 12 | 12.0
Hexes          | 1 2 3 4 5 6 7 8 9 10 11 12 | 12.0
Summonings     | 1 2 3 4 5 6 7 8 9 10 11 12 | 12.1
Necromancy     | 1 2 3 4 5 6 7 8 9 10 11 12 | 12.0
Translocations | 1 2 3 4 5 6 7 8 9 10 11 12 | 12.0
Transmutations | 1 2 3 4 5 6 7 8 9 10 11 12 | 12.0
Fire Magic     | 1 2 3 4 5 6 7 8 9 10 11 12 | 12.0
Ice Magic      | 1 2 3 4 5 6 7 8 9 10 11 12 | 12.0
Air Magic      | 1 2 3 4 5 6 7 8 9 10 11 12 | 12.0
Earth Magic    | 1 2 3 4 5 6 7 8 9 10 11 12 | 12.0
Poison Magic   | 1 2 3 4 5 6 7 8 9 10 11 12 | 12.0
Evocations     | 1 2 3 4 5 6 7 8 9 10 11 12 13 14 | 14.0
Polearms       | 5 6 7 8 9 10 11 12 13 14 | 14.5
Dodging        | 5 6 7 8 9 10 11 12 13 14 | 14.5
Fighting       | 7 8 9 10 11 12 13 14 15 | 15.1

Action                   |  1- 3 |  4- 6 |  7- 9 | 10-12 | 13-15 | 16-18 | 19-21 || total
-------------------------+-------+-------+-------+-------+-------+-------+-------++-------
Melee: Halberd           |    42 |    16 |       |       |       |       |       ||    58
       Bite              |     3 |     5 |    75 |   101 |   190 |   205 |   203 ||   782
       Whip              |       |   145 |   417 |   501 |   449 |       |       ||  1512
       Punch             |       |       |    10 |     3 |       |       |       ||    13
       Unarmed           |       |       |       |     2 |       |    21 |       ||    23
       Broad axe         |       |       |       |       |   443 |  1268 |  1665 ||  3376
       Headbutt          |       |       |       |       |       |   225 |   103 ||   328
       Double sword      |       |       |       |       |       |       |    21 ||    21
 Fire: Hunting sling     |    11 |     1 |   113 |    52 |   607 |       |       ||   784
       Fustibalus        |       |       |       |       |       |   190 |    99 ||   289
Throw: Dart              |       |       |     4 |    23 |       |       |       ||    27
       Javelin           |       |       |       |    11 |     1 |       |    93 ||   105
 Cast: Swiftness         |       |       |       |       |     1 |       |       ||     1
Invok: Heroism           |       |       |       |    25 |    51 |    37 |    41 ||   154
Evoke: Wand              |       |       |       |    13 |     1 |     4 |       ||    18
  Use: Scroll            |       |     1 |     7 |     3 |    23 |    12 |     6 ||    52
       Potion            |       |       |       |       |       |     3 |     8 ||    11
 Stab: Sleeping          |     4 |     9 |    11 |     5 |       |       |    15 ||    44
       Distracted        |       |     2 |     3 |     2 |       |     1 |     1 ||     9
Armor: Scale mail        |    14 |    85 |   149 |       |       |       |       ||   248
       Steam dragon scal |       |       |    37 |    22 |       |       |       ||    59
       Skin              |       |       |       |     1 |       |       |       ||     1
       Ring mail         |       |       |       |    42 |     2 |       |       ||    44
       Crystal plate arm |       |       |       |       |   426 |   216 |       ||   642
       Gold dragon scale |       |       |       |       |       |   201 |       ||   201
       Chain mail        |       |       |       |       |       |   108 |   717 ||   825
Dodge: Dodged            |    20 |    98 |   289 |   226 |   363 |   405 |   914 ||  2315
       Repelled          |       |       |       |       |     5 |    24 |       ||    29
Block: Kite shield       |       |       |       |   293 |   844 |  1271 |  1155 ||  3563
       Rpst.: Double sword |       |       |       |       |       |       |     4 ||     4

Table legend: (Time is in decaauts)
 A = Elapsed time spent in this place.
 B = Non-inter-level travel time spent in this place.
 C = Inter-level travel time spent in this place.
 D = Time resting spent in this place.
 E = Time spent auto-exploring this place.
 F = Levels seen in this place.
 G = Mean time per level.
                   A        B        C        D        E       F      G
               +--------+--------+--------+--------+--------+-----+--------+
         Total |  54186 |  50679 |   3507 |   6021 |  34340 |  39 | 1389.4 |
       Dungeon |  17956 |  16808 |   1148 |   1182 |  12416 |  15 | 1197.1 |
        Temple |    104 |     60 |     44 |      0 |     52 |   1 |  104.0 |
          Lair |   9039 |   8203 |    836 |    736 |   5704 |   6 | 1506.5 |
        Shoals |   7807 |   7218 |    589 |   1148 |   4462 |   4 | 1951.8 |
     Snake Pit |  10807 |  10318 |    489 |   2332 |   6166 |   4 | 2701.8 |
  Orcish Mines |   1889 |   1675 |    214 |    316 |    958 |   2 |  944.5 |
   Elven Halls |   4757 |   4573 |    184 |    306 |   3255 |   3 | 1585.7 |
        Vaults |    158 |    158 |      0 |      0 |     69 |   1 |  158.0 |
        Bazaar |    226 |    226 |      0 |      0 |    211 |   1 |  226.0 |
        Bailey |    754 |    754 |      0 |      0 |    501 |   1 |  754.0 |
      Ice Cave |    685 |    685 |      0 |      0 |    545 |   1 |  685.0 |
               +--------+--------+--------+--------+--------+-----+--------+

Top non-repeatable levels by time:
 Snake:4: 4301 daAuts
Shoals:4: 2633 daAuts
 Snake:3: 2464 daAuts
     D:5: 2273 daAuts
Shoals:3: 2259 daAuts
 Snake:1: 2100 daAuts
   Elf:2: 1995 daAuts
  Lair:1: 1944 daAuts
 Snake:2: 1941 daAuts
  Lair:2: 1937 daAuts
     D:4: 1861 daAuts
     D:9: 1702 daAuts
Shoals:2: 1656 daAuts
   Elf:3: 1558 daAuts
    D:14: 1530 daAuts
